 Dungeon Crawl Stone Soup version 0.26.0-15-gc6cd9f700b (webtiles) character file.

Game seed: 14546772096974874388

94 Descartes the Sneak (level 4, -1/25 HPs)
             Began as a Deep Elf Wanderer on Jan 16, 2021.
             Slain by a phantom (2 damage)
             ... on level 2 of the Dungeon.
             The game lasted 00:10:42 (3750 turns).

Descartes the Sneak (Deep Elf Wanderer)             Turns: 3750, Time: 00:10:43

Health: -1/25      AC:  5    Str:  7    XL:     4   Next: 38%
Magic:  8/10       EV: 11    Int: 20    God:
Gold:   98         SH:  0    Dex: 14    Spells: 5/8 levels left

rFire    . . .     SeeInvis .   a - +0 dagger
rCold    . . .     Faith    .   (no shield)
rNeg     . . .     Spirit   .   d - +0 robe
rPois    .         Reflect  .   e - +0 helmet
rElec    .         Harm     .   l - +0 cloak
rCorr    .         Rampage  .   (no gloves)
Will     .....                  r - +0 pair of boots
Stlth    +++.......             (no amulet)
HPRegen  0.08/turn              (no ring)
MPRegen  0.12/turn              (no ring)

@: no status effects
A: no striking features
a: no special abilities


You were on level 2 of the Dungeon.
You visited 1 branch of the dungeon, and saw 3 of its levels.

You collected 98 gold pieces.

Inventory:

Hand Weapons
 a - a +0 dagger (weapon)
Missiles
 f - 114 stones (quivered)
 h - 15 sling bullets
 o - 44 bolts
 p - 20 arrows
Armour
 d - a +0 robe (worn)
 e - a +0 helmet (worn)
 j - a +0 plate armour
 l - a +0 cloak (worn)
 q - a +0 ring mail
 r - a +0 pair of boots (worn)
Scrolls
 b - a scroll of remove curse
 c - a scroll of teleportation
 m - a scroll of amnesia {unknown}
 s - a scroll of blinking {unknown}
Potions
 g - a potion of curing
 n - a potion of attraction {unknown}


   Skills:
 - Level 1.0 Fighting
 - Level 1.0 Polearms
 + Level 4.3 Stealth
 + Level 2.8 Spellcasting
 + Level 1.7 Conjurations
 + Level 3.9 Translocations
 + Level 2.0 Air Magic


You had 5 spell levels left.
You knew the following spells:

 Your Spells              Type           Power        Failure   Level
a - Shock                 Conj/Air       40%          7%          1
b - Blink                 Tloc           N/A          4%          2

Your spell library contained the following spells:

 Spells                   Type           Power        Failure   Level
 Gell's Gravitas          Tloc           9%           9%          3
 Lesser Beckoning         Tloc           9%           9%          3
 Teleport Other           Tloc           18%          9%          3
 Passage of Golubria      Tloc           N/A          28%         4
 Dazzling Flash           Conj/Hex       12%          30%         3


Dungeon Overview and Level Annotations

Branches:
Dungeon (3/15)

Altars:


Message History

Casting: Shock (safe; 7% risk of failure)
Confirm with . or Enter, or press ? or * to list all spells.
Aiming: Shock (safe; 7% risk of failure)
Press: ? - help, Shift-Dir - straight line, f - phantom
Aim: a phantom (moderately damaged, 44% to evade)
The zap misses the phantom.
The phantom hits you.
* * * LOW HITPOINT WARNING * * *
You barely miss the phantom.
The phantom is moderately damaged.
The phantom closely misses you.
You closely miss the phantom.
The phantom is moderately damaged.
The phantom hits you.
* * * LOW HITPOINT WARNING * * *
Your magical contamination has completely faded away.
Unknown command.
You hit the phantom but do no damage.
The phantom is moderately damaged.
The phantom hits you.
You die...

#..##.######### #.#
##.............# #.#
##...#...##...#.####### #.#
).#...................# #.#
.÷............#.#####.# #.#
.##.#.†..........####.# #.#
.##.##................# #.#
.##.###...#####..###..#####.#
.##.# #.###
#.@#.....##.#.##### .##.###.#
#.W#.....#......... .....##.#
#..#..........##### ####.##.#
#..#.....#....#
#.##.#######..#.....##.#.#
#.............####.#####.#
#.##.##............# #.#
####.##.##.######.##..# #.#
.....##.##.# ##.##..# #.#


You could see a phantom.

Vanquished Creatures
  Natasha (D:2)
  An adder (D:2)
  A dart slug (D:1)
  5 leopard geckos
  An orc (D:3)
  7 giant cockroaches
  4 goblins
  7 hobgoblins
  4 bats
  12 kobolds
  5 rats (D:1)
48 creatures vanquished.

Vanquished Creatures (others)
  A fungus (D:1)
1 creature vanquished.

Grand Total: 49 creatures vanquished

Notes
Turn   | Place    | Note
-------+----------+-------------------------------------------
     0 | D:1      | Descartes the Deep Elf Wanderer began the quest for the
                  | Orb.
     0 | D:1      | Descartes set off with the following items: a +0 dagger, a
                  | scroll of teleportation, a +0 robe; and the following spell
                  | memorised: Shock; and the following spells available to
                  | memorise: Blink, Gell's Gravitas, Lesser Beckoning,
                  | Teleport Other, Passage of Golubria, Dazzling Flash
     0 | D:1      | Reached XP level 1. HP: 12/12 MP: 5/5
   430 | D:1      | Reached XP level 2. HP: 16/16 MP: 1/6
   569 | D:1      | Learned a level 2 spell: Blink
   952 | D:1      | Reached skill level 1 in Conjurations
   990 | D:1      | Reached skill level 4 in Stealth
  1377 | D:1      | Reached XP level 3. HP: 20/20 MP: 5/8
  2335 | D:2      | Noticed Natasha
  2365 | D:2      | Killed Natasha
  2366 | D:2      | Reached XP level 4. HP: 18/25 MP: 3/10
  3107 | D:3      | Noticed a phantom
  3749 | D:2      | HP: 1/25 [phantom (3)]
  3750 | D:2      | Slain by a phantom

Illustrated notes

Levels and vault maps discovered:
D:1:      tarquinn_simple_flora_water_f, layout_loops_ring, serial_rivers,
          chequers_serial_rivers_small_3, chequers_serial_rivers_micro_c,
          chequers_serial_rivers_room_a, chequers_serial_rivers_small_a,
          chequers_serial_rivers_room_b, chequers_serial_rivers_micro_a,
          minmay_pentomino_v2
D:2:      layout_loops_ring, hangedman_feature_mirror, uniq_natasha
D:3:      layout_basic, nicolae_dithmenos_through_a_glass_darkly,
          kennysheep_pointless_box, doesnt_xom_only_xom

Skill      XL: |  1  2  3  4 |
---------------+-------------+-----
Spellcasting   | 2 |  2.8
Conjurations   | 1 |  1.7
Stealth        | 4 |  4.3
Air Magic      | 2 |  2.0
Fighting       | |  1.0
Polearms       | |  1.0
Translocations | |  3.9

Action                   |  1- 3 |  4- 6 || total
-------------------------+-------+-------++-------
Melee: Dagger            |    16 |    28 ||    44
Throw: Stone             |       |    45 ||    45
       Dart              |       |    11 ||    11
 Cast: Shock             |   101 |    62 ||   163
  Use: Scroll            |     5 |       ||     5
       Potion            |       |     1 ||     1
Armor: Robe              |    19 |     4 ||    23
Dodge: Dodged            |    45 |    20 ||    65
